 Dungeon Crawl Stone Soup version 0.20-a0-926-g560771d (webtiles) character file.

84 Isola the Poker (level 4, -2/33 HPs)
             Began as a Merfolk Skald on Mar 28, 2017.
             Was an Initiate of Zin.
             Slain by Crazy Yiuf
             ... wielding a +4 quarterstaff of chaos
              (12 damage)
             ... on level 2 of the Dungeon.
             The game lasted 00:03:43 (2516 turns).

Isola the Poker (Merfolk Skald)                     Turns: 2516, Time: 00:03:44

Health: -2/33      AC:  3    Str: 11    XL:     4   Next: 46%
Magic:  4/7        EV: 13    Int: 13    God:    Zin [......]
Gold:   52         SH:  0    Dex: 13    Spells: 2/7 levels left

rFire    . . .     SeeInvis .   a - +0 spear
rCold    . . .     Gourm    .   (no shield)
rNeg     . . .     Faith    .   g - +0 leather armour (curse)
rPois    .         Spirit   .   (no helmet)
rElec    .         Reflect  .   (no cloak)
rCorr    .         Harm     .   (no gloves)
MR       .....                  (no boots)
Stlth    +.........             (no amulet)
Regen    0.2/turn               (no ring)
MPRegen  0.1/turn               (no ring)

@: infused, very slightly contaminated, slowed, invisible, very slow
A: change form in water, swift swim, stealthy swim
a: Donate Gold, Renounce Religion


You were on level 2 of the Dungeon.
You worshipped Zin.
Zin was noncommittal.
You were not hungry.

You visited 1 branch of the dungeon, and saw 2 of its levels.

You collected 57 gold pieces.
You donated 5 gold pieces to Zin.

Inventory:

Hand Weapons
 a - a +0 spear (weapon)
 n - a +0 glaive
Armour
 g - a cursed +0 leather armour (worn)
Jewellery
 m - an uncursed amulet of faith
Scrolls
 f - 2 scrolls of random uselessness {unknown}
 o - a scroll of remove curse
Potions
 h - a potion of magic
 i - 2 potions of resistance
 j - a potion of brilliance
 k - 2 potions of haste {unknown}
Books
 c - a book of Battle

   Spells                             Type                      Level
   a - Infusion                       Charms                       1
   b - Shroud of Golubria             Charms/Translocation         2
   c - Song of Slaying                Charms                       2
   d - Spectral Weapon                Hexes/Charms                 3
   e - Regeneration                   Charms/Necromancy            3
Comestibles
 b - 4 fruits
 d - 3 bread rations


   Skills:
 - Level 2.1 Fighting
 * Level 4.8 Polearms
 - Level 0.6 Armour
 + Level 4.1 Dodging
 - Level 2.0 Spellcasting
 + Level 3.9 Charms


You had 2 spell levels left.
You knew the following spells:

 Your Spells              Type           Power        Failure   Level  Hunger
a - Infusion              Chrm           ##..         10%         1    ##.....
b - Shroud of Golubria    Chrm/Tloc      #.........   28%         2    ###....
c - Song of Slaying       Chrm           ##......     12%         2    ###....


Dungeon Overview and Level Annotations

Branches:
Dungeon (2/15)

Altars:
Zin

Annotations:
D:2 Crazy Yiuf


Message History

You closely miss Crazy Yiuf. You barely miss Crazy Yiuf.
Your shroud begins to fray at the edges.
Crazy Yiuf hits you but does no damage.
You feel yourself slow down.
You hit Crazy Yiuf!
Crazy Yiuf is moderately wounded.
Crazy Yiuf closely misses you.
You closely miss Crazy Yiuf.
Crazy Yiuf is moderately wounded.
Crazy Yiuf cries, "You leg down broken song, no?"
Crazy Yiuf hits you with a quarterstaff of chaos.
Your shroud falls apart!
Crazy Yiuf burns you. Crazy Yiuf barely misses you.
You fade into invisibility!
Crazy Yiuf hits you with a quarterstaff of chaos!
You are very lightly contaminated with residual magic.
You barely miss Crazy Yiuf.
Crazy Yiuf is moderately wounded.
Crazy Yiuf hits you with a quarterstaff of chaos!
You die...

#####.##### ##.##
#.##.# #.# #.#
#.#.รท[ #.# #.#
#.#... #.# ###
#.#... ## #.#####
#.#..# .# #.....#
#.##.# .# ###.#.#
##### #####.....
.######....# #)..###
##......#.#
...........#
#.g@'.####..........
.#.........#
#...##..#........#.#
.#.###...#.#
########.#....#..#.#
##.# #..##.#
#########.#.# #.#
#.....# #.#.# #.#
#..####### ### #.#.#
#.###........# #.#
#....
#......##########.#
###.#
#####.##.......##.##
#.#


You could see Crazy Yiuf.

Vanquished Creatures
  3 adders (D:2)
  2 leopard geckos (D:2)
  6 bats
  A giant cockroach (D:1)
  8 goblins
  5 hobgoblins (D:2)
  12 jackals
  3 kobolds
  A quokka (D:2)
  2 frilled lizards
  7 rats
50 creatures vanquished.

Notes
Turn   | Place    | Note
-------+----------+-------------------------------------------
     0 | D:1      | Isola the Merfolk Skald began the quest for the Orb.
     0 | D:1      | Reached XP level 1. HP: 16/16 MP: 3/3
   155 | D:1      | Reached XP level 2. HP: 22/22 MP: 5/5
   849 | D:1      | Learned a level 2 spell: Shroud of Golubria
   870 | D:1      | Learned a level 2 spell: Song of Slaying
  1073 | D:2      | Reached XP level 3. HP: 27/27 MP: 6/6
  1204 | D:2      | Found a runed door.
  1624 | D:2      | Found a glowing silver altar of Zin.
  1631 | D:2      | Became a worshipper of Zin the Law-Giver
  1929 | D:2      | Reached XP level 4. HP: 33/33 MP: 1/7
  2508 | D:2      | Noticed Crazy Yiuf
  2516 | D:2      | Slain by Crazy Yiuf

Vault maps used:
D:1:      tarquinn_simple_flora_water_f, minmay_domino_4
D:2:      old_standard_altar, first_bread, uniq_crazy_yiuf_cottage

Skill      XL: |  1  2  3  4 |
---------------+-------------+-----
Dodging        | 3 4 |  4.1
Polearms       | 4 |  4.8
Fighting       | |  2.1
Armour         | |  0.6
Spellcasting   | |  2.0
Charms         | |  3.9

Action                   |  1- 3 |  4- 6 || total
-------------------------+-------+-------++-------
Melee: Spear             |   149 |    49 ||   198
 Cast: Infusion          |     6 |     3 ||     9
       Shroud of Golubri |     3 |     3 ||     6
  Use: Scroll            |     5 |       ||     5
       Potion            |       |     1 ||     1
 Stab: Sleeping          |     1 |       ||     1
       Distracted        |     1 |       ||     1
  Eat: Chunk             |     4 |     2 ||     6
Armor: Leather armour    |    25 |     5 ||    30
Dodge: Dodged            |    82 |    31 ||   113
